 Dungeon Sprint DCSS version 0.21.0 (webtiles) character file.

3500000 wojtek the Axe Maniac (level 23, -46/240 HPs)
             Began as a Minotaur Gladiator on Jan 7, 2018.
             Was the Champion of Makhleb.
             Annihilated by a large bag of meat
             ... wielding a +9 giant spiked club
              (110 damage)
             ... in the Dungeon (Sprint VIII: "Arena of Blood").
             The game lasted 00:01:25 (35 turns).

wojtek the Axe Maniac (Minotaur Gladiator)            Turns: 35, Time: 00:01:26

Health: -46/240    AC:  6    Str: 30    XL:     23   Next: 36%
Magic:  19/53      EV: 27    Int:  5    God:    Makhleb [******]
Gold:   0          SH:  0    Dex: 11    Spells: 76/76 levels left

rFire    . . .     SeeInvis .   l - +∞ Axe of Woe
rCold    . . .     Gourm    .   (shield currently unavailable)
rNeg     . . .     Faith    .   b - +0 leather armour
rPois    .         Spirit   .   c - +0 hat
rElec    .         Reflect  .   (no cloak)
rCorr    .         Harm     .   (no gloves)
MR       +....     NoTele   +   (no boots)
Stlth    +++++++++.             (no amulet)
HPRegen  0.50/turn              (no ring)
MPRegen  0.33/turn              (no ring)

@: no status effects
A: retaliatory headbutt, horns 2
a: Minor Destruction, Lesser Servant of Makhleb, Major Destruction, Greater
Servant of Makhleb, Renounce Religion


You were in the Dungeon.
You worshipped Makhleb.
Makhleb was exalted by your worship.
You were not hungry.

You visited 1 branch

Inventory:

Hand Weapons
 a - a +0 war axe
 l - the +∞ Axe of Woe (weapon)
   (You found it in the Dungeon)
Missiles
 d - 3 throwing nets (quivered)
Armour
 b - a +0 leather armour (worn)
 c - a +0 hat (worn)
Scrolls
 k - a scroll of blinking
Potions
 e - a potion of curing
 g - a potion of heal wounds
 h - a potion of haste
 i - 2 potions of magic
 j - a potion of berserk rage
Comestibles
 f - a ration


   Skills:
 O Level 27 Fighting
 O Level 27 Axes
 O Level 27 Throwing
 O Level 27 Armour
 O Level 27 Dodging
 O Level 27 Stealth
 O Level 27 Unarmed Combat
 O Level 27 Spellcasting
 O Level 27 Invocations


You had 76 spell levels left.
You didn't know any spells.

Dungeon Overview and Level Annotations

Branches:
Dungeon (1/1)

Altars:
Makhleb


Innate Abilities, Weirdness & Mutations

You reflexively headbutt those who attack you in melee.
You have a pair of horns on your head.


Message History

You hear a shout!
The destroyer blinks!
You hear a shout!
The destroyer blinks!
You hear a shout!
Unknown command.
Unknown command.
Unknown command.
Unknown command.
Unknown command. 2 orcs and a two-headed ogre come into view.
The bag of meat shouts!
The meat berserker hits you with a +9 battleaxe!!!
You hear a shout! x3
The bag of meat is engulfed in blazing flames.
Two crawling corpses merge to form a small abomination.
The large bag of meat hits you with a +9 giant spiked club!!!!
* * * LOW HITPOINT WARNING * * *
The large bag of meat hits you with a +9 giant spiked club!!!!
You die...

#. ...# ..... #..
..§§# o........ .###..
....###........
......###z......§.....
......_)).......%....
#....)#...oO..#.#
#_.<)_#.)xV..o...
.#...)x#)§VVOo#.#.#
......_.xx)Vo@O......
......###))o§§xx..#.#.
.###.......###.o......
#.......# .O§.o....
#.......# ....o....
.................O.
............#...#§.
...........#....#oO


You could see 4 destroyers, a sculptor of flesh, 3 large bags of meat, 3 meat
berserkers, 2 small abominations, 10 bags of meat and 4 crawling corpses.

Vanquished Creatures
  2 vampire knights (D)
  11 ogres (D)
  A two-headed ogre (D)
  18 orcs (D)
32 creatures vanquished.

Vanquished Creatures (others)
  2 crawling corpses (D)
2 creatures vanquished.

Grand Total: 34 creatures vanquished

Notes
Turn   | Place    | Note
-------+----------+-------------------------------------------
     0 | D        | Found the +∞ Axe of Woe
     0 | D        | wojtek the Minotaur Gladiator began the quest for the Orb.
     0 | D        | Reached XP level 1. HP: 18/18 MP: 0/0
     3 | D        | Noticed a bag of meat
     3 | D        | Noticed a bag of meat
     3 | D        | Noticed a meat berserker
     3 | D        | Noticed a bag of meat
     4 | D        | Became a worshipper of Makhleb the Destroyer
     5 | D        | Noticed a bag of meat
     5 | D        | Noticed a bag of meat
     5 | D        | Killed a meat berserker
     5 | D        | Reached XP level 2. HP: 45/45 MP: 1/1
     5 | D        | Reached XP level 3. HP: 51/51 MP: 2/2
     5 | D        | Reached XP level 4. HP: 59/59 MP: 3/3
     5 | D        | Reached XP level 5. HP: 66/66 MP: 4/4
     5 | D        | Reached XP level 6. HP: 73/73 MP: 5/5
     5 | D        | Reached XP level 7. HP: 80/80 MP: 6/6
     5 | D        | Reached XP level 8. HP: 88/88 MP: 7/7
     5 | D        | Reached XP level 9. HP: 94/94 MP: 8/8
     5 | D        | Reached XP level 10. HP: 102/102 MP: 9/9
     5 | D        | Reached XP level 11. HP: 108/108 MP: 10/10
     5 | D        | Reached XP level 12. HP: 116/116 MP: 11/11
     5 | D        | Reached XP level 13. HP: 123/123 MP: 12/12
     7 | D        | Noticed a meat berserker
     7 | D        | Killed a bag of meat
     7 | D        | Reached * piety under Makhleb
     7 | D        | Killed a bag of meat
     7 | D        | Reached skill level 15 in Fighting
     7 | D        | Reached XP level 14. HP: 136/136 MP: 13/13
     9 | D        | Killed a meat berserker
     9 | D        | Reached skill level 27 in Axes
     9 | D        | Reached skill level 27 in Dodging
     9 | D        | Reached XP level 15. HP: 149/149 MP: 14/14
     9 | D        | Reached ** piety under Makhleb
    11 | D        | Reached XP level 16. HP: 172/172 MP: 15/15
    14 | D        | Noticed a meat berserker
    15 | D        | Noticed a meat berserker
    15 | D        | Noticed a meat berserker
    16 | D        | Noticed a meat berserker
    16 | D        | Noticed a meat berserker
    16 | D        | Reached *** piety under Makhleb
    16 | D        | Reached skill level 27 in Armour
    17 | D        | Killed a meat berserker
    17 | D        | Reached skill level 27 in Fighting
    17 | D        | Reached XP level 17. HP: 191/191 MP: 16/16
    19 | D        | Killed a meat berserker
    19 | D        | Reached skill level 15 in Unarmed Combat
    19 | D        | Reached skill level 10 in Spellcasting
    19 | D        | Killed a meat berserker
    19 | D        | Reached **** piety under Makhleb
    19 | D        | Reached skill level 15 in Stealth
    19 | D        | Reached XP level 18. HP: 200/200 MP: 16/33
    21 | D        | Noticed a meat berserker
    21 | D        | Killed a meat berserker
    21 | D        | Killed a meat berserker
    21 | D        | Reached skill level 15 in Spellcasting
    21 | D        | Reached XP level 19. HP: 207/207 MP: 16/37
    22 | D        | Noticed a meat berserker
    23 | D        | Noticed a destroyer
    23 | D        | Noticed a large bag of meat
    23 | D        | Reached ***** piety under Makhleb
    25 | D        | Reached skill level 27 in Unarmed Combat
    25 | D        | Reached XP level 20. HP: 216/216 MP: 17/42
    27 | D        | Killed a meat berserker
    27 | D        | Reached skill level 27 in Stealth
    27 | D        | Reached skill level 27 in Invocations
    28 | D        | Noticed a meat berserker
    28 | D        | Killed a meat berserker
    28 | D        | Reached ****** piety under Makhleb
    28 | D        | Reached XP level 21. HP: 224/224 MP: 17/49
    29 | D        | Noticed a large bag of meat
    30 | D        | Reached skill level 27 in Spellcasting
    30 | D        | Reached skill level 15 in Throwing
    30 | D        | Killed a destroyer
    31 | D        | Noticed a large bag of meat
    31 | D        | Noticed a destroyer
    31 | D        | Reached skill level 27 in Throwing
    31 | D        | Reached XP level 22. HP: 233/233 MP: 18/52
    32 | D        | Noticed a destroyer
    32 | D        | Noticed a destroyer
    32 | D        | Noticed a destroyer
    34 | D        | Noticed a destroyer
    34 | D        | Killed a large bag of meat
    34 | D        | Reached XP level 23. HP: 240/240 MP: 19/53
    34 | D        | Killed a destroyer
    35 | D        | Noticed a large bag of meat
    35 | D        | Annihilated by a large bag of meat

Skill      XL: |  1  2  3  4  5  6  7  8  9 10 11 12 13 14 15 16 17 18 19 20 21 |
---------------+----------------------------------------------------------------+-----
Fighting       | 13 15 18 23 27 | 27.0
Axes           | 23 26 27 | 27.0
Throwing       | 11 27 | 27.0
Dodging        | 21 24 27 | 27.0
Armour         | 12 17 26 27 | 27.0
Stealth        | 15 19 23 27 | 27.0
Unarmed Combat | 18 22 27 | 27.0
Spellcasting   | 12 15 19 25 27 | 27.0
Invocations    | 16 21 25 27 | 27.0

Action                   |  1- 3 |  4- 6 |  7- 9 | 10-12 | 13-15 | 16-18 | 19-21 | 22-24 || total
-------------------------+-------+-------+-------+-------+-------+-------+-------+-------++-------
Melee: Executioner's axe |     1 |       |       |       |     4 |     4 |     8 |     2 ||    19
Dodge: Dodged            |     1 |       |       |       |       |       |     1 |       ||     2
